Map: Odyssey LE

Players

Juxtapose - Winner!

  • Race: Protoss Protoss
  • League: Silver
  • Spawn Location: 5:00

PolyPslinger

  • Race: Zerg Zerg
  • League: Silver
  • Spawn Location: 11:00

VOD

https://youtu.be/Y2cQkSkwNxY

Description

I'm please with myself as I typically fall to such a fast Zergling rush, but I beat it off here. And not only do I defeat it, but I didn't loose a single Probe!

Time

  • Played on: July 30, 2017, 10:51 a.m.
  • Length: 9:02
Show
View Real Time Build Order
Export as new Build Order

Juxtapose Protoss - Winner!

Build Orders: Oracle Opening 

Get SALT Encoding   

  12  0:01  Probe (Chrono Boost)  
  13  0:12  Probe (Chrono Boost)  
  14  0:20  Pylon  
  14  0:22  Probe (Chrono Boost)  
  15  0:38  Probe (Chrono Boost)  
  15  0:40  Gateway  
  16  0:49  Probe (Chrono Boost)  
  17  0:56  Assimilator  
  17  0:59  Probe (Chrono Boost)  
  17  1:02  Pylon  
  18  1:10  Probe (Chrono Boost)  
  19  1:17  Assimilator  
  19  1:20  Probe (Chrono Boost)  
  20  1:31  Probe (Chrono Boost)  
  21  1:41  Probe (Chrono Boost)  
  21  1:45  Zealot  
  24  1:49  Cybernetics Core  
  24  1:52  Probe (Chrono Boost)  
  25  2:02  Pylon  
  25  2:08  Probe (Chrono Boost)  
  26  2:17  Pylon, Zealot  
  26  2:18  Probe (Chrono Boost)  
  29  2:36  Stargate  
  29  2:51  Nexus  
  29  2:52  Warp Gate (Chrono Boost)  
  29  3:07  Mothership Core  
  31  3:19  Oracle (Chrono Boost)  
  34  3:29  Pylon  
  34  3:30  Pylon  
  34  3:35  Pylon  
  34  3:46  Twilight Council  
  34  3:48  Forge  
  36  4:10  Zealot  
  34  4:23  Probe  
  35  4:33  Probe  
  35  4:37  Zealot  
  35  5:03  Protoss Ground Weapons Level 1 (Chrono Boost)  
  35  5:06  Charge (Chrono Boost)  
  35  5:10  Pylon  
  35  5:11  Probe  
  36  5:22  Probe  
  37  5:30  Gateway  
  37  5:32  Gateway  
  37  5:36  Probe, Gateway  
  37  5:40  Assimilator  
  37  5:42  Assimilator, Robotics Facility  
  38  5:45  Pylon, Probe  
  38  5:47  Probe  
  40  5:57  Probe  
  40  6:01  Probe  
  42  6:07  Sentry  
  42  6:09  Probe  
  45  6:23  Probe  
  46  6:31  Sentry  
  48  6:34  Probe  
  48  6:36  Immortal  
  53  6:43  Sentry  
  53  6:44  Zealot  
  57  6:58  Void Ray  
  57  6:59  Gateway  
  61  7:07  Zealot x2, Protoss Ground Armor Level 1 (Chrono Boost)  
  61  7:08  Zealot  
  67  7:09  Zealot  
  67  7:15  Immortal  
  59  7:35  Zealot  
  59  7:36  Zealot x3  
  67  7:38  Probe  
  68  7:48  Probe  
  69  7:51  Dark Shrine  
  69  7:54  Observer  
  70  8:03  Stalker  
  70  8:04  Stalker, Zealot  
  70  8:05  Stalker, Zealot  
  80  8:13  Void Ray  
  80  8:15  Warp Prism  
  80  8:19  Pylon  
  86  8:28  Zealot  
  86  8:29  Zealot x2  
Show
View Real Time Build Order
Export as new Build Order

PolyPslinger Zerg 

Build Orders: Pool First 

Get SALT Encoding   

  12  0:02  Drone  
  13  0:11  Drone  
  14  0:15  Extractor  
  13  0:27  Drone  
  14  0:36  Spawning Pool  
  13  0:44  Drone  
  13  0:48  Overlord  
  14  1:07  Drone  
  14  1:08  Drone x2  
  17  1:23  Metabolic Boost  
  17  1:25  Zergling x2  
  19  1:32  Drone  
  19  1:35  Queen  
  21  1:56  Zergling x2  
  21  1:58  Overlord  
  22  2:22  Zergling x4  
  23  2:33  Zergling x2  
  24  2:43  Lair  
  24  2:49  Hatchery  
  23  2:53  Zergling x4  
  25  3:02  Zergling x6  
  25  3:03  Zergling x2  
  29  3:10  Overlord  
  29  3:29  Drone  
  30  3:39  Drone x4  
  34  3:44  Extractor  
  23  4:24  Spore Crawler  
  23  4:30  Hydralisk Den, Queen  
  23  4:31  Drone  
  23  4:32  Drone x2  
  23  4:57  Drone x2  
  23  4:58  Spore Crawler  
  24  5:02  Hydralisk x3  
  24  5:03  Hydralisk x4  
  24  5:04  Hydralisk  
  40  5:21  Drone x2  
  41  5:27  Drone x2  
  44  5:35  Overlord  
  44  5:36  Overlord  
  44  5:52  Infestation Pit  
  44  5:55  Hydralisk  
  45  5:58  Evolution Chamber  
  44  6:06  Hydralisk x2  
  44  6:10  Drone  
  49  6:24  Zerg Missile Weapons Level 1  
  49  6:30  Drone x2  
  49  6:31  Drone  
  52  6:38  Drone x2  
  52  6:39  Drone x2  
  56  6:42  Drone  
  57  6:51  Drone x2  
  59  6:57  Drone  
  60  7:02  Overlord x2  
  38  7:31  Hydralisk x6  
  38  7:34  Hydralisk x3  
  56  7:51  Muscular Augments  
  56  8:15  Extractor  
  56  8:16  Hydralisk x2  
  56  8:17  Hydralisk  
  56  8:18  Extractor  
  60  8:39  Hatchery  
Tags
 
Add a new tag
Caveats
  • Supply blocks, unpowered buildings, or Contaminate may cause inaccurate times.
  • Supply counts are checked every 10 seconds.